Map: New Repugnancy LE

Players

goblin

  • Race: Protoss Protoss
  • Spawn Location: 1:00

Clem - Winner!

  • Race: Terran Terran
  • Spawn Location: 7:00

Event: 2019 WCS Summer

VOD

Have the link to the VOD?

Description

Time

  • Played on: July 13, 2019, 8 a.m.
  • Length: 14:29

All games in this series

Show
View Real Time Build Order
Export as new Build Order

goblin Protoss 

Build Orders: 1 Gate Expand, Phoenix Opening, Colossus Rush 

Get SALT Encoding   

  12  0:00  Probe  
  13  0:12  Probe  
  14  0:17  Pylon  
  14  0:24  Probe  
  15  0:32  Probe  
  15  0:36  Gateway  
  15  0:40  Probe  
  16  0:45  Assimilator  
  17  0:51  Probe  
  18  1:03  Probe  
  19  1:15  Probe  
  20  1:23  Nexus  
  20  1:33  Cybernetics Core  
  20  1:36  Probe  
  21  1:44  Assimilator  
  21  1:48  Probe  
  21  1:52  Pylon  
  22  1:58  Probe  
  22  2:01  Adept  
  23  2:06  Probe  
  23  2:15  Probe  
  26  2:17  Stargate  
  27  2:25  Warp Gate  
  27  2:27  Probe  
  28  2:34  Adept  
  28  2:35  Probe  
  30  2:40  Probe  
  31  2:47  Probe  
  32  2:52  Probe  
  32  2:55  Probe  
  32  2:57  Phoenix  
  33  3:04  Probe  
  33  3:05  Probe  
  38  3:13  Adept  
  38  3:16  Probe  
  38  3:18  Probe  
  42  3:20  Phoenix, Pylon  
  44  3:28  Probe  
  44  3:34  Robotics Facility  
  45  3:36  Probe  
  45  3:40  Probe  
  47  3:41  Assimilator  
  47  3:51  Phoenix  
  47  3:52  Probe  
  50  3:55  Assimilator  
  50  3:57  Pylon  
  50  3:58  Probe  
  51  4:04  Probe  
  52  4:10  Probe  
  52  4:13  Immortal  
  52  4:16  Probe  
  54  4:19  Phoenix  
  54  4:20  Pylon  
  54  4:23  Probe  
  61  4:28  Probe  
  62  4:37  Robotics Bay  
  62  4:38  Probe  
  63  4:40  Pylon  
  63  4:46  Phoenix  
  63  4:51  Observer  
  65  4:56  Nexus  
  66  5:06  Probe x2  
  68  5:08  Observer, Pylon  
  68  5:12  Colossus  
  69  5:15  Phoenix  
  73  5:27  Pylon  
  73  5:28  Pylon  
  71  5:29  Probe x2  
  79  5:40  Extended Thermal Lance  
  79  5:41  Probe  
  79  5:42  Probe  
  81  5:44  Phoenix  
  83  5:51  Observer  
  83  5:52  Colossus  
  83  5:54  Probe x2  
  85  5:57  Assimilator  
  85  6:00  Assimilator  
  85  6:01  Zealot, Pylon  
  92  6:24  Zealot  
  94  6:29  Robotics Facility, Gateway  
  94  6:30  Gateway  
  94  6:36  Probe  
  94  6:37  Probe x2  
  97  6:41  Shield Battery  
  97  6:42  Phoenix, Pylon  
  97  6:44  Shield Battery  
  97  6:46  Zealot  
  101  6:49  Probe  
  101  6:51  Colossus  
  94  7:12  Immortal  
  94  7:13  Nexus  
  94  7:14  Zealot  
  90  7:16  Phoenix  
  90  7:19  Observer  
  92  7:34  Sentry  
  94  7:39  Colossus  
  94  7:43  Sentry, Zealot  
  98  7:45  Phoenix  
  98  7:48  Probe  
  107  7:57  Observer  
  107  7:59  Pylon  
  107  8:00  Pylon  
  107  8:02  Pylon  
  107  8:16  Pylon  
  107  8:22  Observer, Forge  
  107  8:30  Immortal  
  107  8:33  Phoenix  
  109  8:35  Pylon  
  109  8:39  Probe  
  114  8:42  Assimilator  
  114  8:47  Pylon  
  114  8:50  Observer  
  114  8:58  Phoenix  
  114  9:02  Protoss Ground Weapons Level 1  
  117  9:04  Protoss Air Weapons Level 1  
  117  9:05  Stargate  
  113  9:23  Phoenix  
  112  9:28  Colossus  
  112  9:31  Observer  
  107  9:48  Phoenix  
  107  9:49  Gateway  
  107  9:50  Gateway  
  107  9:51  Robotics Facility  
  107  9:52  Gateway  
  109  9:53  Pylon  
  109  9:57  Phoenix  
  111  10:00  Zealot x3  
  111  10:06  Fleet Beacon  
  117  10:07  Phoenix  
  117  10:14  Observer, Phoenix  
  119  10:22  Observer  
  119  10:27  Colossus  
  119  10:28  Phoenix  
  122  10:30  Probe x2  
  122  10:32  Pylon  
  122  10:34  Immortal  
  125  10:40  Probe  
  125  10:41  Anion Pulse-Crystals  
  125  10:42  Probe  
  137  10:50  Nexus  
  137  10:52  Pylon  
  137  10:56  Zealot x4  
  145  11:03  Phoenix  
  147  11:06  Phoenix  
  147  11:10  Immortal  
  149  11:12  Observer  
  149  11:14  Observer  
  149  11:17  Probe x2  
  154  11:25  Phoenix  
  155  11:28  Phoenix  
  155  11:32  Assimilator  
  159  11:33  Probe x2  
  159  11:35  Warp Prism  
  159  11:37  Assimilator  
  159  11:39  Pylon  
  163  11:42  Sentry, Zealot  
  167  11:50  Stalker x2  
  167  11:53  Phoenix  
  166  12:02  Observer  
  166  12:07  Phoenix  
  166  12:08  Zealot x4  
  144  12:11  Colossus  
  144  12:18  Phoenix  
  150  12:23  Colossus  
  150  12:27  Zealot x2  
  154  12:32  Phoenix  
  160  12:54  Zealot  
  160  12:55  Zealot x3  
  160  12:56  Phoenix  
  161  12:59  Phoenix  
  147  13:06  Colossus  
  141  13:20  Zealot, Stargate  
  141  13:21  Zealot x2  
  147  13:31  Zealot x3  
  153  13:41  Stalker x2  
  153  13:42  Stalker  
  153  13:46  Phoenix  
  161  13:52  Phoenix  
  125  14:10  Zealot x2  
  125  14:11  Stalker, Zealot  
  125  14:12  Adept  
Show
View Real Time Build Order
Export as new Build Order

Clem Terran - Winner!

Build Orders: Reaper Expand 

Get SALT Encoding   

  12  0:00  SCV  
  13  0:12  SCV  
  14  0:16  Supply Depot  
  14  0:25  SCV  
  15  0:38  SCV  
  15  0:40  Barracks  
  16  0:43  Refinery  
  16  0:50  SCV  
  17  1:02  SCV  
  18  1:14  SCV  
  19  1:27  Orbital Command, Reaper  
  20  1:46  Command Center  
  20  1:51  Supply Depot  
  20  1:53  SCV  
  21  2:01  Barracks Reactor  
  21  2:05  SCV  
  21  2:07  Refinery  
  22  2:17  SCV  
  22  2:20  Factory  
  23  2:30  SCV  
  24  2:38  Marine x2  
  24  2:42  SCV  
  27  2:54  SCV  
  27  2:55  Marine x2  
  30  3:04  Widow Mine  
  32  3:06  Starport  
  32  3:07  Orbital Command, SCV  
  33  3:13  Marine x2  
  33  3:19  SCV  
  36  3:25  Widow Mine  
  38  3:27  Barracks  
  38  3:31  SCV  
  38  3:32  Marine x2  
  38  3:33  SCV  
  42  3:42  Medivac  
  42  3:45  SCV x2  
  46  3:50  Factory Tech Lab  
  46  3:53  Supply Depot  
  46  3:57  Barracks  
  46  4:05  Marine x2, SCV x2, Supply Depot  
  50  4:11  Cyclone  
  53  4:17  Barracks Tech Lab  
  53  4:20  Engineering Bay, SCV  
  53  4:24  Marine x2  
  54  4:25  SCV  
  57  4:32  Engineering Bay  
  57  4:34  Refinery  
  57  4:35  Supply Depot  
  57  4:37  Stimpack  
  57  4:39  SCV  
  57  4:41  SCV  
  59  4:47  Marauder  
  59  4:49  Marine  
  63  4:52  SCV  
  63  4:53  Factory Reactor, SCV  
  63  4:55  Terran Infantry Weapons Level 1  
  63  4:58  Combat Shield  
  64  5:02  Marine x2  
  64  5:05  SCV  
  64  5:06  SCV  
  67  5:09  Marauder  
  69  5:14  Supply Depot  
  69  5:15  Marine  
  69  5:17  SCV  
  69  5:20  Marine, SCV  
  69  5:21  Refinery  
  73  5:25  Marauder  
  75  5:28  Supply Depot  
  75  5:32  Marauder  
  75  5:33  SCV  
  78  5:36  SCV  
  78  5:37  Factory Reactor  
  78  5:39  Medivac x2  
  82  5:44  Supply Depot  
  82  5:46  Marine x2  
  82  5:47  SCV  
  85  5:50  Marauder  
  85  5:51  SCV  
  85  5:54  Marauder  
  90  5:59  Supply Depot  
  90  6:01  Missile Turret  
  90  6:02  Missile Turret  
  90  6:06  Marine x2  
  92  6:19  Command Center  
  92  6:23  Marauder x2  
  96  6:27  Widow Mine x2  
  96  6:28  Marine  
  96  6:29  Marine  
  102  6:34  Supply Depot  
  102  6:38  SCV x2, Supply Depot  
  104  6:40  Concussive Shells  
  104  6:47  Marauder  
  104  6:48  Marauder  
  104  6:49  Marine x2  
  110  7:02  Barracks  
  110  7:07  Widow Mine x2  
  110  7:08  Marine x2  
  104  7:09  Marauder, Medivac  
  104  7:14  Marauder  
  104  7:20  Medivac  
  102  7:23  Barracks, SCV x2  
  104  7:33  Terran Infantry Armor Level 1  
  104  7:35  SCV  
  105  7:38  Widow Mine  
  105  7:39  Marauder, Widow Mine, SCV  
  105  7:42  Marine  
  105  7:43  Marine  
  114  7:47  SCV  
  115  7:51  SCV  
  115  7:54  Marauder  
  118  7:59  SCV  
  118  8:00  Marauder, Starport  
  118  8:05  Orbital Command  
  121  8:06  SCV  
  121  8:11  Barracks Tech Lab, Barracks Reactor, SCV  
  123  8:15  Marine x2  
  123  8:18  SCV  
  123  8:19  Marauder  
  128  8:22  Viking  
  128  8:23  SCV  
  128  8:25  Viking  
  128  8:27  Marauder  
  132  8:30  SCV  
  132  8:32  Marauder  
  135  8:35  Marine x2  
  135  8:36  SCV  
  135  8:37  Supply Depot  
  135  8:38  SCV  
  139  8:47  Armory, SCV  
  139  8:48  Engineering Bay  
  140  8:50  Supply Depot  
  140  8:51  SCV  
  140  8:54  Refinery x2  
  141  8:58  Viking  
  141  8:59  Supply Depot  
  141  9:00  Viking  
  145  9:05  Viking  
  145  9:07  Viking  
  149  9:14  Marine x2  
  149  9:15  Marine  
  149  9:17  Marine  
  152  9:19  Marauder x2  
  152  9:20  Marauder  
  152  9:28  Viking  
  143  9:35  Marine x4  
  138  9:40  Command Center  
  138  9:42  Marauder x3  
  135  9:47  Viking x2  
  135  9:50  Terran Infantry Weapons Level 2  
  139  9:57  Terran Infantry Armor Level 2  
  139  9:59  Marine x2, Terran Ship Weapons Level 1  
  139  10:01  Marine x2  
  141  10:09  Marauder x3  
  141  10:13  Medivac x2  
  149  10:19  Marine x2  
  149  10:22  Marine x2  
  149  10:24  Ghost Academy  
  149  10:26  Supply Depot  
  151  10:28  Viking  
  151  10:33  Viking  
  154  10:39  Marine x2  
  155  10:42  Missile Turret  
  155  10:43  Marine x2  
  155  10:44  Missile Turret  
  155  10:46  Viking  
  155  10:49  Viking  
  160  10:53  SCV  
  160  10:54  SCV x2  
  163  10:57  Ghost  
  163  11:02  Ghost  
  167  11:04  Ghost  
  167  11:08  Marine x2  
  167  11:10  Planetary Fortress  
  171  11:12  SCV x2  
  171  11:13  SCV  
  171  11:17  Marine  
  171  11:18  Marine  
  176  11:22  Viking x2  
  180  11:25  Supply Depot  
  180  11:27  Viking  
  180  11:29  Ghost  
  184  11:35  Ghost  
  184  11:36  Ghost  
  188  11:47  Marine x4, SCV x4  
  188  11:50  Personal Cloaking  
  196  11:59  Ghost, SCV x2  
  190  12:04  Marauder, Marine  
  190  12:05  Viking  
  167  12:09  Viking  
  167  12:10  Marine x3  
  167  12:11  Marine  
  173  12:21  Viking x2  
  175  12:23  Marauder  
  175  12:25  Barracks  
  175  12:26  Barracks, Marauder  
  175  12:29  Marauder  
  181  12:30  Marine  
  181  12:31  Marine  
  181  12:35  Marine  
  181  12:37  Viking, Marine  
  189  12:44  Marauder  
  189  12:47  Marauder  
  189  12:48  Marine  
  189  12:50  Marauder  
  194  12:52  Marine  
  194  12:53  Marine  
  196  12:59  Marine  
  196  13:03  Medivac x2  
  179  13:06  Marauder, Medivac  
  179  13:09  Marauder  
  179  13:10  Viking  
  179  13:11  Marauder  
  179  13:12  Marine x2  
  180  13:13  Barracks Tech Lab  
  180  13:14  Barracks Reactor  
  180  13:16  Refinery  
  180  13:17  Refinery  
  182  13:23  Command Center  
  182  13:30  Marine x2  
  182  13:32  Marauder x2, Medivac  
  190  13:35  Viking  
  190  13:36  Marine  
  190  13:37  Marine  
  190  13:39  Marauder  
  196  13:56  Viking  
  196  13:57  Marauder  
  200  14:06  Marauder  
Tags
 
Add a new tag
Caveats
  • Supply blocks, unpowered buildings, or Contaminate may cause inaccurate times.
  • Supply counts are checked every 10 seconds.